 Dungeon Sprint DCSS version 0.20-a0-270-g8e735b6 (webtiles) character file.

1 jerryfan the Chiller (level 1, -2/14 HPs)
             Began as a Draconian Ice Elementalist on Dec 9, 2016.
             Was an Initiate of Vehumet.
             Slain by a gnoll
             ... wielding a +0 whip of flaming
              (3 damage)
             ... in the Dungeon (Sprint VII: "The Pits").
             The game lasted 00:00:59 (187 turns).

jerryfan the Chiller (Draconian Ice Elementalist)    Turns: 187, Time: 00:00:59

Health: -2/14      AC:  4    Str: 10    XL:     1   Next: 16%
Magic:  0/3        EV: 12    Int: 15    God:    Vehumet [......]
Gold:   0          SH:  0    Dex: 11    Spells: 3/4 levels left

rFire  . . .     SeeInvis .     r - staff of energy
rCold  . . .     Gourm    .     (armour unavailable)
rNeg   . . .     Faith    .     (no shield)
rPois  .         Spirit   .     (helmet restricted)
rElec  .         Reflect  .     (no cloak)
rCorr  .         Harm     .     (no gloves)
MR     .....     NoTele   +     (no boots)
Stlth  ++........               (no amulet)
                                (no ring)
                                (no ring)

@: no status effects
A: unfitting armour, cold-blooded, AC +4
a: Renounce Religion


You were in the Dungeon.
You worshipped Vehumet.
Vehumet was noncommittal.
You were not hungry.

You visited 1 branch

Inventory:

Hand Weapons
 j - a +2 quarterstaff
Magical Staves
 r - an uncursed staff of energy (weapon)
Scrolls
 h - a scroll of blinking
 l - 3 scrolls of remove curse
 m - 5 scrolls of amnesia
 n - a scroll of summoning
 q - 2 scrolls of vulnerability
Potions
 c - a potion of curing
 d - a potion of heal wounds
 e - a potion of haste
 f - 4 potions of magic
 g - 3 potions of berserk rage
 k - 2 potions of invisibility
Books
 a - a book of Frost

   Spells                             Type                      Level
   a - Freeze                         Ice                          1
   b - Throw Frost                    Conjuration/Ice              2
   c - Ozocubu's Armour               Charms/Ice                   3
   d - Throw Icicle                   Conjuration/Ice              4
   e - Summon Ice Beast               Ice/Summoning                4
Comestibles
 b - 8 bread rations
 i - 2 chunks of flesh
 o - 40 fruits
 p - 7 meat rations


   Skills:
 + Level 0.2 Fighting
 + Level 1.9 Dodging
 + Level 1.8 Stealth
 + Level 2.1 Spellcasting
   Level 1.0 Conjurations
 + Level 3.4 Ice Magic


You had 3 spell levels left.
You knew the following spells:

 Your Spells              Type           Power        Failure   Level  Hunger
a - Freeze                Ice            ##..         8%          1    None


Dungeon Overview and Level Annotations

Branches:
Dungeon (1/1)

Altars:
Cheibriados
Dithmenos
Elyvilon
Fedhas
Gozag
Hepliaklqana
Kikubaaqudgha
Nemelex Xobeh
Okawaru
Qazlal
Ru
Sif Muna
Trog
Uskayaw
Vehumet
Zin
The Shining One
Jiyva


Innate Abilities, Weirdness & Mutations

Your plain brown scales are hard. (AC +4)
You cannot fit into any form of body armour.
You are cold-blooded and may be slowed by cold attacks.


Message History

* * * LOW HITPOINT WARNING * * *
You hit the gnoll but do no damage.
You tail-slap the gnoll, but do no damage.
The gnoll is heavily wounded.
The worker ant twitches its antennae in your direction.
The gnoll hits you but does no damage.
The worker ant bites you but does no damage.
You closely miss the gnoll.
The gnoll is heavily wounded.
The gnoll barely misses you. The worker ant barely misses you.
You closely miss the gnoll.
The gnoll is heavily wounded.
The worker ant bites you.
* * * LOW HITPOINT WARNING * * *
The gnoll misses you.
You hit the gnoll but do no damage.
Your tail-slap misses the gnoll.
The gnoll is heavily wounded.
The worker ant misses you.
The gnoll hits you with a whip of flaming.
You die...

________# ________#
__#####'###########+
######)))#.##..........
#..(.')).'.##......#..#
##########.##..........
#...........'..........
#+#####'#####......#..#
#..g@.# #..........
#..a..# ####'#####+
###+### #.......#
#.......# #.......#
#...<...# #.......#
#.......# #.......#


You could see a worker ant and a gnoll.

Vanquished Creatures
  A giant cockroach (D)
1 creature vanquished.

Notes
Turn   | Place    | Note
-------+----------+-------------------------------------------
     0 | D        | jerryfan the Draconian Ice Elementalist began the quest for the Orb.
     0 | D        | Reached XP level 1. HP: 14/14 MP: 3/3
    73 | D        | Found a radiant altar of Vehumet.
    73 | D        | Found a hide-covered altar of Uskayaw.
    73 | D        | Found an ancient bone altar of Kikubaaqudgha.
    73 | D        | Found a viscous altar of Jiyva.
    73 | D        | Found a hazy altar of Hepliaklqana.
    74 | D        | Found a bloodstained altar of Trog.
    74 | D        | Found a deep blue altar of Sif Muna.
    74 | D        | Found a sacrificial altar of Ru.
    74 | D        | Found a stormy altar of Qazlal.
    74 | D        | Found an iron altar of Okawaru.
    74 | D        | Found a sparkling altar of Nemelex Xobeh.
    74 | D        | Found an opulent altar of Gozag.
    74 | D        | Found a blossoming altar of Fedhas.
    74 | D        | Found a white marble altar of Elyvilon.
    74 | D        | Found a shadowy altar of Dithmenos.
    74 | D        | Found a snail-covered altar of Cheibriados.
    75 | D        | Found a glowing golden altar of the Shining One.
    75 | D        | Found a glowing silver altar of Zin.
    76 | D        | Became a worshipper of Vehumet
   177 | D        | Noticed a worker ant
   187 | D        | Slain by a gnoll

Vault maps used:
D:        pitsprint

Action                   || total
-------------------------++-------
Melee: Unarmed           ||    33
       Staff             ||     5
       Tailslap          ||     5
 Cast: Freeze            ||     3
 Stab: Sleeping          ||     2
Armor: Skin              ||    14
Dodge: Dodged            ||    26
